 Dungeon Crawl Stone Soup version 0.32-a0-450-g080537f31e (webtiles) character file.

Game seed: 4883957288731448532

550 CougarLife the Digger (level 7, -7/36 HPs)
             Began as a Gargoyle Earth Elementalist on Feb 24, 2024.
             Killed by divine providence
             ... invoked by an orc priest
              (11 damage)
             ... on level 4 of the Dungeon.
             The game lasted 00:06:41 (4758 turns).

CougarLife the Digger (Gargoyle Earth Elementalist) Turns: 4758, Time: 00:06:42

Health: -7/36      AC: 11    Str: 12    XL:     7   Next: 29%
Magic:  1/13       EV: 12    Int: 17    God:
Gold:   245        SH:  0    Dex: 16    Spells: 10/14 levels left

rFire   . . .        d - staff of conjuration
rCold   . . .        (no shield)
rNeg    + . .        a - +0 robe
rPois   ∞            k - +0 helmet
rElec   +            t - +0 cloak
rCorr   .            m - +0 pair of gloves
SInv    .            e - +1 pair of boots
Will    .....        (no amulet)
Stlth   ++           j - +6 ring of dexterity
HPRegen 0.26/turn    (no ring)
MPRegen 0.13/turn

%: no passive effects
@: no status effects
A: sickness immunity, AC +4, negative energy resistance 1, electricity
resistance, torment resistance 1, petrification resistance
a: Convert to Beogh


You were on level 4 of the Dungeon.
You visited 2 branches of the dungeon, and saw 5 of its levels.

You collected 267 gold pieces.
You spent 22 gold pieces at shops.

Inventory:

Armour
 a - a +0 robe (worn)
 e - a +1 pair of boots (worn)
 k - a +0 helmet (worn)
 m - a +0 pair of gloves (worn)
 t - a +0 cloak (worn)
Magical Staves
 d - a staff of conjuration (weapon)
Jewellery
 j - a +6 ring of dexterity (left hand)
Wands
 f - a wand of roots (8)
 l - a wand of flame (17)
Scrolls
 h - 4 scrolls of blinking
 i - 2 scrolls of fear
 o - a scroll of noise {unknown}
 p - a scroll of butterflies {unknown}
 s - a scroll of brand weapon {unknown}
Potions
 b - a potion of magic
 c - a potion of brilliance
 g - a potion of heal wounds {unknown}
 n - 4 potions of curing
 q - a potion of invisibility


   Skills:
 - Level 1.5 Dodging
 - Level 2.1 Stealth
 + Level 4.4 Spellcasting
 + Level 4.7 Conjurations
 + Level 6.3 Earth Magic


You had 10 spell levels left.
You knew the following spells:

 Your Spells              Type           Power      Damage    Failure   Level
a - Sandblast             Erth           50%        2d12      1%          1
b - Stone Arrow           Conj/Erth      66%        3d11      4%          3

Your spell library contained the following spells:

 Spells                   Type           Power      Damage    Failure   Level
 Passwall                 Erth           25%        N/A       3%          3
 Brom's Barrelling Bould  Conj/Erth      33%        2d5       16%         4
 Ensorcelled Hibernation  Hex/Ice        6%         N/A       22%         2
 Petrify                  Alch/Erth      14%        N/A       38%         4
 Fugue of the Fallen      Necr           3%         N/A       41%         3
 Anguish                  Hex/Necr       1%         N/A       83%         4


Dungeon Overview and Level Annotations

Branches:
Dungeon (4/15)             Temple (1/1) D:4

Altars:
Ashenzari
Cheibriados
Elyvilon
Hepliaklqana
Kikubaaqudgha
Makhleb
Nemelex Xobeh
Okawaru
Qazlal
Ru
Trog
Uskayaw
Wu Jian
Yredelemnul
Zin

Shops:
D:1 (*(

Annotations:
D:4 1 exclusion


Innate Abilities, Weirdness & Mutations

You are immune to sickness and miasma.
Your stone body is resilient. (AC +4)
You are immune to poison.
You resist negative energy. (rN+)
You are resistant to electric shocks. (rElec)
You are resistant to unholy torment.
You are immune to petrification.


Message History

Casting: Sandblast (safe; 1% risk of failure)
Confirm with . or Enter, or press ? or * to list all spells.
You don't have enough magic to cast this spell.
Unknown command.
Casting: Sandblast (safe; 1% risk of failure)
Confirm with . or Enter, or press ? or * to list all spells.
You don't have enough magic to cast this spell.
You hit the orc priest but do no damage.
The orc priest is severely wounded.
The orc closely misses you. The orc barely misses you.
The orc priest hits you but does no damage.
The orc priest shouts, "Beogh offers mercy even to people such as you.
Join us and be reborn!"
You hit the orc priest but do no damage.
The orc priest is severely wounded.
The orc barely misses you. The orc misses you.
The orc priest barely misses you.
You closely miss the orc priest.
The orc priest is severely wounded.
The orc closely misses you. x2
The orc priest shouts, "Surrender to Beogh and we'll let you live!"
The orc priest hits you with a +0 mace. The orc hits you with a +0 mace.
The orc hits you but does no damage.
The orc priest hits you but does no damage.
You barely miss the orc priest.
The orc priest is severely wounded.
The orc closely misses you. The orc hits you with a +0 mace.
* * * LOW HITPOINT WARNING * * *
The orc priest hits you with a +0 mace.
* * * LOW HITPOINT WARNING * * *
You hit the orc priest but do no damage.
The orc priest is severely wounded.
The orc barely misses you. The orc closely misses you.
The orc priest shouts, "Beogh offers mercy even to people such as you.
Join us and be reborn!"
The orc priest hits you but does no damage.
You barely miss the orc priest.
The orc priest is severely wounded.
The orc completely misses you. The orc closely misses you.
The orc priest invokes the aid of Beogh against you.
Beogh smites you!
You die...

# ########.#..... #
#....).#.#...#.
#.##.....#.....
#.#......#...#.
#########.#..#.........
#.........#..#######.##
##.........#..#.......#
+.+.....oo..#..#########
#.(....@o).)..#
#.##.....###..#
#.###.####o...# #.#.###
#..#..#
#.#..###..##....#
#...$$o.o. #.####
#.#...#.o #.. ##.# ..ß(.
#.# ########..# ß.###
#.#


You could see an orc priest and 2 orcs.

Vanquished Creatures
  An orc warrior (D:4)
  An ogre (D:4)
  A bombardier beetle (D:3)
  14 gnolls
  5 adders
  A dart slug (D:4)
  4 orcs
  12 endoplasms
  8 giant cockroaches
  35 goblins
  21 hobgoblins
  3 jackals (D:3)
  14 kobolds
  2 quokkas
  7 ball pythons
  8 bats
  2 frilled lizards
  4 rats
143 creatures vanquished.

Notes
Turn   | Place    | Note
-------+----------+-------------------------------------------
     0 | D:1      | CougarLife the Gargoyle Earth Elementalist began the quest
                  | for the Orb.
     0 | D:1      | Reached XP level 1. HP: 10/10 MP: 3/3
    82 | D:1      | Found Eqextib's Antique Weapon Shoppe.
   450 | D:1      | Found Qaropt's General Store.
   453 | D:1      | Reached XP level 2. HP: 15/15 MP: 3/5
   637 | D:1      | Found Ilympau's Weapon Shoppe.
   638 | D:1      | Bought a scroll of identify for 22 gold pieces
   809 | D:1      | Found a faded altar of an unknown god.
  1061 | D:2      | Reached skill level 4 in Earth Magic
  1230 | D:2      | Reached XP level 3. HP: 19/19 MP: 3/6
  1900 | D:2      | Reached XP level 4. HP: 8/24 MP: 0/8
  2226 | D:3      | Found a sparkling altar of Nemelex Xobeh.
  2295 | D:3      | Found a hazy altar of Hepliaklqana.
  2624 | D:3      | Reached XP level 5. HP: 26/28 MP: 7/9
  2769 | D:3      | Reached skill level 5 in Earth Magic
  3559 | D:3      | Reached XP level 6. HP: 32/32 MP: 9/11
  3871 | D:3      | Learned a level 3 spell: Stone Arrow
  4225 | D:4      | Identified a scroll of acquirement
  4227 | D:4      | Noticed an orc warrior
  4248 | D:4      | Acquired a staff of conjuration
  4421 | D:4      | Found a staircase to the Ecumenical Temple.
  4432 | Temple   | Entered the Ecumenical Temple
  4437 | D:4      | Reached skill level 6 in Earth Magic
  4441 | D:4      | Reached XP level 7. HP: 19/36 MP: 6/13
  4758 | D:4      | Killed from afar by an orc priest

Illustrated notes

Levels and vault maps discovered:
D:1:      heliophobic_arrival_dark_side_of_the_moon, layout_basic,
          basic_ecumenical_altar, serial_shops, shop,
          nicolae_shop_window_shopping, shop
D:2:      layout_loops_corners, minmay_joined_circles
D:3:      minmay_goblin_kobold_castle, layout_loops_ring,
          nemelex_xobeh_ov_fountains_minmay, old_standard_altar, minmay_between
D:4:      layout_basic, minmay_temple_entry_trees, guppyfry_early_orc_mine
Temple:   nicolae_temple_figure_eight

Skill      XL: |  1  2  3  4  5  6 |
---------------+-------------------+-----
Earth Magic    | 4 5 6 |  6.3
Conjurations   | 2 3 4 |  4.7
Spellcasting   | 3 4 |  4.4
Dodging        | |  1.5
Stealth        | |  2.1

Action                     |  1- 3 |  4- 6 |  7- 9 || total
---------------------------+-------+-------+-------++-------
  Melee: Unarmed           |     1 |       |       ||     1
         Dagger            |    27 |    18 |       ||    45
         Staff             |       |       |     6 ||     6
   Cast: Sandblast         |    42 |   140 |    13 ||   195
         Stone Arrow       |       |     1 |     3 ||     4
    Use: Scroll            |     1 |     6 |       ||     7
 Armour: Robe              |    14 |    78 |    17 ||   109
  Dodge: Dodged            |    32 |    91 |    27 ||   150

Table legend: (Time is in decaauts)
 A = Elapsed time spent in this place.
 B = Non-inter-level travel time spent in this place.
 C = Inter-level travel time spent in this place.
 D = Time resting spent in this place.
 E = Time spent auto-exploring this place.
 F = Levels seen in this place.
 G = Mean time per level.
                   A        B        C        D        E       F      G
               +--------+--------+--------+--------+--------+-----+--------+
         Total |   4861 |   4656 |    205 |    703 |   2881 |   5 |  972.2 |
       Dungeon |   4859 |   4654 |    205 |    703 |   2881 |   4 | 1214.8 |
        Temple |      1 |      1 |      0 |      0 |      0 |   1 |    1.0 |
               +--------+--------+--------+--------+--------+-----+--------+

Top non-repeatable levels by time:
     D:3: 1843 daAuts
     D:2: 1165 daAuts
     D:1: 984 daAuts
     D:4: 866 daAuts
  Temple: 1 daAuts
